 Dungeon Crawl Stone Soup version 0.31-a0-1309-gbf3fed316f (webtiles) character file.

Game seed: 6796258766223049404

86 Bnni the Digger (level 4, -4/32 HPs)
             Began as a Formicid Earth Elementalist on Dec 20, 2023.
             Constricted to death by Ijyb (5 damage)
             ... on level 3 of the Dungeon.
             The game lasted 00:03:42 (2073 turns).

Bnni the Digger (Formicid Earth Elementalist)       Turns: 2073, Time: 00:03:43

Health: -4/32      AC:  2    Str: 12    XL:     4   Next: 78%
Magic:  5/8        EV:  8    Int: 17    God:
Gold:   70         SH:  6    Dex: 14    Spells: 2/8 levels left

rFire   . . .        c - +0 flail
rCold   . . .        d - +2 buckler
rNeg    . . .        a - +0 robe
rPois   .            (helmet unavailable)
rElec   .            (no cloak)
rCorr   .            (no gloves)
SInv    +            (no boots)
Will    .....        (no amulet)
Stlth   ++           (no ring)
HPRegen 0.25/turn    (no ring)
MPRegen 0.11/turn

%: no passive effects
@: grasped by roots, constricted
A: permanent stasis, dig shafts and tunnels, antennae 3, four strong arms
a: Dig, Shaft Self


You were on level 3 of the Dungeon.
You visited 1 branch of the dungeon, and saw 3 of its levels.

You collected 70 gold pieces.

Inventory:

Hand Weapons
 c - a +0 flail (weapon)
Armour
 a - a +0 robe (worn)
 d - a +2 buckler (worn)
 n - the orb of the Trilobite {*Rage, Harm rC+ Conj}
   (You found it on level 2 of the Dungeon)

   rC+:       It protects you from cold.
   Harm:      It increases damage dealt and taken.
   Conj:      It increases the power of your Conjurations spells.
 o - a +0 leather armour
Scrolls
 e - 2 scrolls of summoning {unknown}
 f - a scroll of amnesia {unknown}
 g - a scroll of poison {unknown}
 h - a scroll of fog {unknown}
 i - a scroll of enchant weapon {unknown}
 j - a scroll of teleportation {unknown}
 m - 2 scrolls of identify {unknown}
Potions
 b - a potion of magic
 k - a potion of ambrosia {unknown}
 l - 2 potions of curing {unknown}
 p - a potion of degeneration {unknown}


   Skills:
 + Level 1.5 Fighting
 - Level 1.7 Dodging
 - Level 2.4 Stealth
 + Level 1.8 Shields
 + Level 2.7 Spellcasting
 - Level 2.0 Transmutations
 * Level 4.7 Earth Magic


You had 2 spell levels left.
You knew the following spells:

 Your Spells              Type           Power      Damage    Failure   Level
a - Sandblast             Erth           36%        2d10      3%          1
b - Passwall              Tmut/Erth      10%        N/A       10%         2
c - Stone Arrow           Conj/Erth      20%        3d8       28%         3

Your spell library contained the following spells:

 Spells                   Type           Power      Damage    Failure   Level
 Apportation              Tloc           4%         N/A       26%         1
 Necrotise                Necr           8%         1d4       26%         1
 Summon Small Mammal      Summ           8%         N/A       26%         1
 Petrify                  Tmut/Erth      13%        N/A       54%         4
 Tukima's Dance           Hex            2%         N/A       58%         3
 Brom's Barrelling Bould  Conj/Erth      10%        2d3       67%         4
 Dimensional Bullseye     Hex/Tloc       1%         N/A       94%         4
 Iskenderun's Mystic Bla  Conj/Tloc      2%         2d3       94%         4


Dungeon Overview and Level Annotations

Branches:
Dungeon (3/15)

Altars:

Shops:
D:1 (

Annotations:
D:3 Ijyb


Innate Abilities, Weirdness & Mutations

You cannot be hasted, slowed, berserked, paralysed or teleported.
You can dig through walls and to a lower floor.
You have a pair of large antennae on your head. (SInv)
Your four strong arms can wield two-handed weapons with a shield.


Message History

Press: ? - help, Q - select action, (/) - cycle Shift-Dir - straight line, f/p - Ijyb
Aim: Ijyb, wielding a +0 dagger, wearing a +1 scale mail of poison resistance and carrying a wand of roots (80% to hit)
The blast of sand hits Ijyb but does no damage.
Ijyb zaps a wand.
The roots erupt in riotous growth!
The grasping roots grab you!
Ijyb is unaffected.
The grasping roots constrict you. You block Ijyb's attack.
The grasping roots constrict you.
Aiming: Sandblast (safe; 3% risk of failure)
Press: ? - help, Q - select action, (/) - cycle Shift-Dir - straight line, f/p - Ijyb
Aim: Ijyb, wielding a +0 dagger, wearing a +1 scale mail of poison resistance and carrying a wand of roots (80% to hit)
The blast of sand hits Ijyb but does no damage.
Ijyb hits you but does no damage. The grasping roots constrict you.
Aiming: Sandblast (safe; 3% risk of failure)
Press: ? - help, Q - select action, (/) - cycle Shift-Dir - straight line, f/p - Ijyb
Aim: Ijyb, wielding a +0 dagger, wearing a +1 scale mail of poison resistance and carrying a wand of roots (80% to hit)
The blast of sand hits Ijyb but does no damage.
The ball python barely misses you. You block Ijyb's attack.
The grasping roots constrict you. You block the ball python's attack.
Ijyb closely misses you. The grasping roots constrict you.
The grasping roots release their grip on you.
Unknown command.
You block the ball python's attack. The ball python grabs you.
You stop ascending the stairs.
The ball python constricts you. Ijyb hits you with a +0 dagger.
* * * LOW HITPOINT WARNING * * *
Unknown command.
You escape the ball python's grasp.
You block the ball python's attack. The ball python barely misses you.
Ijyb zaps a wand.
The roots erupt in riotous growth!
The grasping roots grab you!
The ball python is unaffected.
The grasping roots constrict you.
* * * LOW HITPOINT WARNING * * *
Unknown command.
You escape the roots grasp.
The ball python bites you.
* * * LOW HITPOINT WARNING * * *
The ball python barely misses you.
Ijyb zaps a wand.
The roots erupt in riotous growth!
The ball python is unaffected.
The grasping roots grab you!
Ijyb is unaffected.
The grasping roots constrict you.
You die...

## .^ #.#
##...####
#.....@.#
#.....S<#
........g#
##.......#
#########


You could see Ijyb and a ball python.

Vanquished Creatures
  A jelly (D:2)
  A gnoll (D:1)
  A worm (D:2)
  6 ball pythons
  4 bats
  6 endoplasms
  2 giant cockroaches (D:1)
  A goblin (D:2)
  2 jackals (D:2)
  5 kobolds
  3 quokkas
  3 frilled lizards
  8 rats
43 creatures vanquished.

Notes
Turn   | Place    | Note
-------+----------+-------------------------------------------
     0 | D:1      | Bnni the Formicid Earth Elementalist began the quest for
                  | the Orb.
     0 | D:1      | Reached XP level 1. HP: 13/13 MP: 3/3
    78 | D:1      | Reached XP level 2. HP: 20/20 MP: 0/5
   139 | D:1      | Reached skill level 4 in Earth Magic
   384 | D:1      | Found Ontyj's Weapon Shoppe.
   389 | D:1      | Reached XP level 3. HP: 20/25 MP: 2/6
   439 | D:1      | Learned a level 2 spell: Passwall
   443 | D:1      | Learned a level 3 spell: Stone Arrow
   961 | D:2      | Reached skill level 1 in Fighting
  1153 | D:2      | Identified the orb of the Trilobite {*Rage, Harm rC+ Conj}
  1188 | D:2      | Reached skill level 1 in Shields
  1219 | D:2      | Reached XP level 4. HP: 29/32 MP: 4/8
  2066 | D:3      | Noticed Ijyb
  2073 | D:3      | HP: 1/32 [ball python (1)]
  2073 | D:3      | Constricted to death by Ijyb

Illustrated notes

Levels and vault maps discovered:
D:1:      mrwooster_arrival_statue_2, layout_basic, serial_shops,
          shop_fountains, minmay_heptomino_l4
D:2:      layout_basic
D:3:      layout_rooms, nicolae_overflows_in_rows, uniq_jessica, uniq_ijyb

Skill      XL: |  1  2  3 |
---------------+----------+-----
Earth Magic    | 4 |  4.7
Transmutations | 2 |  2.0
Fighting       | 1 |  1.5
Shields        | 1 |  1.8
Dodging        | |  1.7
Stealth        | |  2.4
Spellcasting   | |  2.7

Action                     |  1- 3 |  4- 6 || total
---------------------------+-------+-------++-------
  Melee: Flail             |     5 |       ||     5
   Cast: Sandblast         |    35 |    24 ||    59
 Armour: Robe              |     6 |     7 ||    13
  Dodge: Dodged            |     8 |     5 ||    13
  Block: Buckler           |     5 |     5 ||    10

Table legend: (Time is in decaauts)
 A = Elapsed time spent in this place.
 B = Non-inter-level travel time spent in this place.
 C = Inter-level travel time spent in this place.
 D = Time resting spent in this place.
 E = Time spent auto-exploring this place.
 F = Levels seen in this place.
 G = Mean time per level.
                   A        B        C        D        E       F      G
               +--------+--------+--------+--------+--------+-----+--------+
         Total |   2103 |   2052 |     51 |     44 |   1722 |   3 |  701.0 |
       Dungeon |   2103 |   2052 |     51 |     44 |   1722 |   3 |  701.0 |
               +--------+--------+--------+--------+--------+-----+--------+

Top non-repeatable levels by time:
     D:2: 1167 daAuts
     D:1: 927 daAuts
     D:3: 8 daAuts
